 Dungeon Crawl Stone Soup version 0.17.0-18-gaab0e96 (webtiles) character file.

315 septik the Changer (level 6, 0/51 HPs)
             Began as a Naga Transmuter on Nov 11, 2015.
             Slain by a human zombie (8 damage)
             ... in an ossuary.
             The game lasted 00:13:44 (2726 turns).

septik the Changer (Naga Transmuter)                Turns: 2726, Time: 00:13:44

Health: 0/51       AC:  7    Str: 15    XL:     6   Next: 43%
Magic:  9/9        EV: 10    Int: 16    God:
Gold:   203        SH:  0    Dex: 11    Spells: 2 memorised, 5 levels left

rFire  . . .     SeeInvis +       - Unarmed
rCold  . . .     Clarity  .     b - +0 robe
rNeg   . . .     SustAt   .     (no shield)
rPois  +         Gourm    .     (no helmet)
rElec  .         Spirit   .     (no cloak)
rCorr  .         Warding  .     (no gloves)
rMut   .         Stasis   .     (no barding)
MR     .....                    (no amulet)
Stlth  +.........               k - +3 ring of strength
                                g - +4 ring of protection

@: very slow, not resistant to hostile enchantments, very unstealthy
A: see invisible, deformed body, poison resistance, slowness 2, slow metabolism
1, spit poison 2, AC +2
a: Spit Poison


You were in an ossuary.
You were not hungry.

You visited 1 branch of the dungeon, and saw 4 of its levels.
You also visited: Ossuary.

You collected 203 gold pieces.

Inventory:

Hand Weapons
 m - a +0 hunting sling
Missiles
 a - 12 arrows
 e - 9 sling bullets of frost
 h - 116 stones (quivered)
 l - 4 curare-tipped needles
Armour
 b - a +0 robe (worn)
 j - a +0 pair of boots
Jewellery
 g - a +4 ring of protection (left hand)
 k - a +3 ring of strength (right hand)
 s - a cursed -5 ring of strength
Wands
 v - a wand of frost (17)
 y - a wand of fireball (7)
Scrolls
 q - 2 scrolls of remove curse
Potions
 f - a potion of brilliance
 n - a potion of might {unknown}
 r - 2 potions of magic {unknown}
 t - a potion of invisibility {unknown}
 u - a potion of degeneration {unknown}
 w - a potion of lignification {unknown}
 z - 2 potions of curing
Books
 c - a book of Changes

   Spells                             Type                      Level
   a - Beastly Appendage              Transmutation                1
   b - Sticks to Snakes               Transmutation                2
   c - Spider Form                    Transmutation/Poison         3
   d - Ice Form                       Ice/Transmutation            4
   e - Blade Hands                    Transmutation                5
Comestibles
 d - 4 bread rations
 i - a chunk of flesh
 o - a meat ration
 p - a slice of pizza
 x - 3 beef jerkies


   Skills:
 - Level 1.0 Fighting
 - Level 1.5 Dodging
 - Level 3.0 Unarmed Combat
 - Level 2.0 Spellcasting
 + Level 6.6 Transmutations


You had 5 spell levels left.
You knew the following spells:

 Your Spells              Type           Power        Failure   Level  Hunger
a - Beastly Appendage     Trmt           ###...       1%          1    #......
b - Spider Form           Trmt/Pois      ##........   17%         3    ###....


Dungeon Overview and Level Annotations

Branches:
Dungeon (4/15)
 Temple: D:4-7

Altars:
Dithmenos
Elyvilon
Fedhas
Trog
Zin


Innate Abilities, Weirdness & Mutations

You cannot wear boots.
Your serpentine skin is tough (AC +2).
You have supernaturally acute eyesight.
Armour fits poorly on your strangely shaped body.
Your system is resistant to poisons.
You cover ground very slowly.
You have a slow metabolism.
You can spit poison.


Message History

You hit the human zombie. The human zombie closely misses you.
You hit the human zombie. Your headbutt misses the human zombie.
The human zombie hits you!
* * * LOW HITPOINT WARNING * * *
You barely miss the human zombie.
Unknown command.
Drink which item? (? for menu, Esc to quit)
It was a potion of curing.
You feel better. The human zombie closely misses you.
You hit the human zombie. Your headbutt misses the human zombie.
The human zombie hits you.
* * * LOW HITPOINT WARNING * * *
You hit the human zombie. The human zombie closely misses you.
You hit the human zombie. You barely miss the human zombie.
The human zombie barely misses you.
You hit the human zombie. You headbutt the human zombie.
Your horns disappear.
The human zombie hits you but does no damage.
You hit the human zombie. The human zombie hits you!
You die...

#########
#...#...#
#.∩.'.∩.#
#.@.#...#
##Z######
#...#
#...8...#
#.......#
##8...8##
.......#
...8...#
...#...#


You could see a human zombie.

Vanquished Creatures
  A scorpion (Ossuary)
  Ijyb (D:2)
  Jessica (D:2)
  Natasha (thrice) (D:2)
  An iguana (D:3)
  6 adders
  2 oozes (D:1)
  An adder skeleton (D:4)
  2 worms (D:2)
  5 giant geckos
  A ball python (D:2)
  13 bats
  2 giant cockroaches
  8 hobgoblins
  A jackal (D:2)
  8 kobolds
  5 giant newts
  5 goblins
  A hobgoblin zombie (Ossuary)
  2 quokkas (D:2)
  10 rats
79 creatures vanquished.

Notes
Turn   | Place    | Note
--------------------------------------------------------------
     0 | D:1      | septik the Naga Transmuter began the quest for the Orb.
     0 | D:1      | Reached XP level 1. HP: 18/18 MP: 3/3
    32 | D:1      | Reached XP level 2. HP: 13/25 MP: 5/5
   640 | D:1      | Reached XP level 3. HP: 27/31 MP: 6/6
   649 | D:1      | Learned a level 3 spell: Spider Form
  1050 | D:2      | Found a shadowy altar of Dithmenos.
  1062 | D:2      | Reached skill level 4 in Transmutations
  1092 | D:2      | Noticed Ijyb
  1108 | D:2      | Killed Ijyb
  1108 | D:2      | Reached XP level 4. HP: 22/38 MP: 1/7
  1298 | D:2      | Found a faded altar to an unknown god.
  1391 | D:2      | Noticed Natasha
  1395 | D:2      | Killed Natasha
  1395 | D:2      | Reached skill level 5 in Transmutations
  1395 | D:2      | Reached XP level 5. HP: 42/44 MP: 6/8
  1433 | D:2      | Noticed Jessica
  1440 | D:2      | Killed Jessica
  1463 | D:2      | Noticed a moth of wrath
  1466 | D:2      | Found a bloodstained altar of Trog.
  1611 | D:2      | Noticed Natasha
  1619 | D:2      | Killed Natasha
  1696 | D:2      | Noticed Natasha
  1700 | D:2      | Killed Natasha
  1790 | D:3      | Found a white marble altar of Elyvilon.
  1818 | D:3      | Found a blossoming altar of Fedhas.
  1998 | D:3      | Reached skill level 6 in Transmutations
  1998 | D:3      | Reached XP level 6. HP: 34/51 MP: 9/9
  2501 | D:3      | Found a glowing silver altar of Zin.
  2668 | D:4      | Found a sand-covered staircase.
  2673 | Ossuary  | Entered an ossuary
  2718 | Ossuary  | HP: 1/51 [human zombie (8)]
  2726 | Ossuary  | Slain by a human zombie

Action                   |  1- 3 |  4- 6 || total
-------------------------+-------+-------++-------
Melee: Unarmed           |   139 |   256 ||   395
Throw: Stone             |     6 |       ||     6
 Cast: Beastly Appendage |    13 |    11 ||    24
       Spider Form       |     1 |     5 ||     6
 Abil: Spit Poison       |     1 |       ||     1
  Use: Scroll            |       |     3 ||     3
       Potion            |       |     1 ||     1
  Eat: Chunk             |       |     6 ||     6
